 Dungeon Crawl Stone Soup version 0.25.1-1-g288607f5aa (webtiles) character file.

Game seed: 10270362086885964110

8269 DerDa the Destroyer (level 11, -5/70 HPs)
             Began as a Demonspawn Fire Elementalist on July 28, 2020.
             Was a Priest of Sif Muna.
             Splashed by an ancient lich's acid (12 damage)
             ... on level 3 of the Abyss.
             The game lasted 00:40:09 (12329 turns).

DerDa the Destroyer (Demonspawn Fire Elementalist) Turns: 12329, Time: 00:40:09

Health: -5/70      AC: -1    Str:  4    XL:     11   Next: 7%
Magic:  11/23      EV: 13    Int: 16    God:    Sif Muna [***...]
Gold:   583        SH:  9    Dex: 16    Spells: 14/27 levels left

rFire    . . .     SeeInvis .   S - +4 mace (protect)
rCold    + + .     Gourm    .   V - +4 buckler of the Monkey's Uncle {rF+}
rNeg     . . .     Faith    .   X - -1 robe (curse)
rPois    .         Spirit   .   (helmet restricted)
rElec    .         Reflect  .   O - +1 cloak of Vehumet's Esteem {rC+ Dex+2}
rCorr    .         Harm     .   (no gloves)
MR       .....                  w - +0 pair of boots
Stlth    ++........             s - amulet of the acrobat
HPRegen  1.21/turn              t - -4 ring of strength (curse)
MPRegen  0.18/turn              y - ring of ice

@: corroded, very slightly contaminated, lightly drained
A: horns 1, [blurry vision 2], [deformed body], demonic guardian 2, [dopey 2],
powered by death 1, [no potion heal 2], [subdued magic 2], sturdy frame 2
a: Channel Magic, Forget Spell, Renounce Religion


You were on level 3 of the Abyss.
You worshipped Sif Muna.
Sif Muna was most pleased with you.
You were not hungry.

You visited 2 branches of the dungeon, and saw 12 of its levels.
You visited the Abyss 1 time.

You collected 751 gold pieces.
You spent 168 gold pieces at shops.

Inventory:

Hand Weapons
 N - a +1 long sword of draining
 Q - a +2 hand crossbow of freezing
 R - a +1 long sword of distortion
 S - a +4 mace of protection (weapon)
 T - a +0 scimitar of holy wrath
 U - the +5 spear "Ogrebane" {venom, Str+2 Int+2 Dex+3 Stlth+}
   (You found it on level 8 of the Dungeon)

   It poisons the flesh of those it strikes.
   It affects your strength (+2).
   It affects your intelligence (+2).
   It affects your dexterity (+3).
   It makes you more stealthy.
Missiles
 b - 158 sling bullets
 Y - 28 poisoned darts (quivered)
Armour
 w - a +0 pair of boots (worn)
 J - a +2 leather armour of fire resistance
 O - the +1 cloak of Vehumet's Esteem (worn) {rC+ Dex+2}
   (You found it on level 8 of the Dungeon)

   It affects your dexterity (+2).
   It protects you from cold.
 P - a +0 troll leather armour
 V - the +4 buckler of the Monkey's Uncle (worn) {rF+}
   (You found it on level 8 of the Dungeon)

   It protects you from fire.
 X - a cursed -1 robe (worn)
Jewellery
 e - an uncursed ring of ice
 p - a +6 ring of intelligence
 s - an amulet of the acrobat (around neck)
 t - a cursed -4 ring of strength (left hand)
 y - a ring of ice (right hand)
 G - an uncursed ring of wizardry
 Z - an uncursed ring of magical power
Wands
 g - a wand of digging (4)
 l - a wand of acid (11)
 E - a wand of enslavement (5)
 F - a wand of polymorph (4)
 K - a wand of flame (34)
Scrolls
 a - 2 scrolls of fear
 i - 3 scrolls of blinking
 k - 2 scrolls of immolation
 o - 2 scrolls of remove curse
 r - 2 scrolls of enchant armour
 u - a scroll of holy word {unknown}
 z - 2 scrolls of amnesia
 C - a scroll of magic mapping
 L - a scroll of enchant weapon
 M - a scroll of teleportation
Potions
 d - a potion of brilliance
 f - a potion of haste
 h - 2 potions of resistance
 j - 2 potions of mutation
 m - a potion of might {unknown}
 n - 3 potions of curing
 q - 3 potions of ambrosia {unknown}
 x - 2 potions of lignification {unknown}
 A - 4 potions of degeneration {unknown}
 B - 5 potions of stabbing {unknown}
 D - 3 potions of berserk rage {unknown}
 H - 4 potions of heal wounds
Miscellaneous
 W - 2 phantom mirrors
Comestibles
 c - 17 rations


   Skills:
 + Level 1.3(1.1) Fighting
 + Level 2.3(2.1) Dodging
 - Level 1.7(1.5) Stealth
 - Level 4.0(3.7) Shields
 * Level 8.8(8.5) Spellcasting
 * Level 9.3(9.0) Conjurations
 * Level 9.0(8.7) Fire Magic
 * Level 3.0(2.8) Invocations
 + Level 1.4(1.2) Evocations


You had 14 spell levels left.
You knew the following spells:

 Your Spells              Type           Power        Failure   Level  Hunger
a - Foxfire               Conj/Fire      ###.         1%          1    None
b - Conjure Flame         Conj/Fire      ###.....     1%          3    #......
c - Sticky Flame          Conj/Fire      ###.....     1%          4    ###....
d - Fireball              Conj/Fire      ###.......   4%          5    #####..

Your spell library contained the following spells:

 Spells                   Type           Power        Failure   Level  Hunger
 Magic Dart               Conj           ###.         1%          1    None
 Searing Ray              Conj           ###...       1%          2    None
 Dazzling Flash           Conj/Hex       ##....       2%          3    #......
 Inner Flame              Hex/Fire       ##......     3%          3    #......
 Corona                   Hex            #......      7%          1    None
 Ensorcelled Hibernation  Hex/Ice        #.....       11%         2    None
 Fulminant Prism          Conj/Hex       ##........   11%         4    ###....
 Iskenderun's Mystic Bla  Conj/Tloc      ##......     11%         4    ###....
 Confusing Touch          Hex            #.......     24%         3    #......
 Tukima's Dance           Hex            #.......     24%         3    #......


Dungeon Overview and Level Annotations

Branches:
Dungeon (11/15)            Temple (1/1) D:7            Lair (0/6) D:9
    Orc (0/2) D:11

Altars:
Ashenzari
Cheibriados
Dithmenos
Elyvilon
Fedhas
Gozag
Hepliaklqana
Kikubaaqudgha
Makhleb
Nemelex Xobeh
Okawaru
Qazlal
Ru
Sif Muna
Trog
Uskayaw
Vehumet
Wu Jian
Xom
Yredelemnul
Zin
The Shining One
Beogh

Shops:
D:6 *


Innate Abilities, Weirdness & Mutations

You have a pair of small horns on your head.
A demonic guardian rushes to your aid.
You regenerate a little health from kills.
Your movements are less encumbered by armour. (ER -4)
[Scrolls take you longer to read.]
[Armour fits poorly on your strangely shaped body.]
[You are very dopey. (Int -4)]
[Potions are poor at restoring your health.]
[Your spells are easier to cast, but less powerful.]


Message History

The quasit closely misses your sixfirhy.
Your sixfirhy closely misses the quasit.
The quasit bites your sixfirhy.
The quasit claws your sixfirhy but does no damage.
The quasit closely misses your sixfirhy.
Your sixfirhy misses the quasit.
The quasit completely misses your sixfirhy.
The quasit misses your sixfirhy. The quasit barely misses your sixfirhy.
Really read with blurry vision while enemies are nearby?
Your sixfirhy closely misses the quasit.
Your sixfirhy hits the quasit!
Your sixfirhy shocks the quasit!
The quasit dies!
Sif Muna accepts your kill.
Your sixfirhy barely misses the ancient lich.
The ancient lich casts a spell at you. The bolt of acid hits you!!!
Ouch! That really hurt!
* * * LOW HITPOINT WARNING * * *
The acid corrodes you!
You are splashed with acid!
You die...

...###.#. .....
#...#... .... #
######.##.#.#.# #. ..
#..#..##.## # #.
#......#. #.
##..##....#x#####..
.......#....###...####
#.#...#..#..≈≈≈##.
#....@L3.#.#≈≈≈ .#
#..##..##.##.≈≈≈#..#
#. #.## ....≈≈≈≈ # ###
###.#≈≈≈ . # .. ≈≈≈#..
.. .≈ ≈. § .#.# ≈ #.#.
..≈≈≈≈ # #.. # ≈ #


You could see an ancient lich (fast), a small abomination and a friendly
sixfirhy (summoned).

Vanquished Creatures
  An ugly thing (D:10)
  A worldbinder (Abyss:3)
  2 trolls
  A hippogriff (D:11)
  A wraith (D:11)
  A wyvern (D:10)
  Menkaure (D:5)
  2 water moccasins
  9 orc warriors
  3 sky beasts
  A phantom (D:11)
  2 necrophages
  3 ogres
  A centaur (D:10)
  A crocodile (D:9)
  A big kobold (D:6)
  6 bullfrogs
  2 scorpions
  3 killer bees (D:10)
  2 howler monkeys
  2 crimson imps
  A bullfrog zombie (D:8)
  4 hounds
  3 jellies
  5 orc priests
  6 orc wizards
  A bullfrog skeleton (D:7)
  3 iguanas
  9 worker ants
  2 hound skeletons
  A howler monkey zombie (D:6)
  A worker ant zombie (D:8)
  3 gnolls (D:5)
  A howler monkey skeleton (D:5)
  9 adders
  3 shadow imps
  5 oozes
  2 adder skeletons (D:9)
  A worm (D:5)
  3 dart slugs
  6 leopard geckos
  45 orcs
  17 bats
  2 giant cockroaches
  6 goblins
  10 hobgoblins
  10 jackals
  7 kobolds
  7 quokkas
  A ball python (D:4)
  5 frilled lizards
  A jackal skeleton (D:7)
  2 quokka skeletons (D:5)
  9 rats
237 creatures vanquished.

Vanquished Creatures (collateral kills)
  A two-headed ogre (D:8)
  An orc knight (D:11)
  2 ugly things
  A salamander (shapeshifter) (D:11)
  A worldbinder (Abyss:2)
  Joseph (D:8)
  A centaur zombie (D:10)
  Sigmund (D:5)
  A wraith (D:11)
  A gnoll sergeant (D:5)
  A quasit (Abyss:3)
  An orc priest (D:4)
  A gnoll (D:5)
  An adder (D:11)
  A jackal zombie (D:5)
16 creatures vanquished.

Vanquished Creatures (others)
  718 foxfires
  A plant (D:9)
719 creatures vanquished.

Grand Total: 972 creatures vanquished

Notes
Turn   | Place    | Note
-------+----------+-------------------------------------------
     0 | D:1      | DerDa the Demonspawn Fire Elementalist began the quest for
                  | the Orb.
     0 | D:1      | Reached XP level 1. HP: 13/13 MP: 3/3
   196 | D:1      | Gained mutation: You regenerate a little health from kills.
                  | [demonic ancestry]
   196 | D:1      | Reached XP level 2. HP: 8/19 MP: 1/5
   825 | D:1      | Gained mutation: You have a pair of small horns on your
                  | head. [demonic ancestry]
   825 | D:1      | Reached XP level 3. HP: 24/24 MP: 2/6
   864 | D:1      | Learned a level 3 spell: Conjure Flame
  1532 | D:2      | Found a basalt altar of Yredelemnul.
  1545 | D:2      | Found a hazy altar of Hepliaklqana.
  1811 | D:2      | Gained mutation: A weak demonic guardian rushes to your
                  | aid. [demonic ancestry]
  1811 | D:2      | Reached XP level 4. HP: 30/30 MP: 4/8
  2238 | D:2      | Learned a level 4 spell: Sticky Flame
  3270 | D:4      | Gained mutation: A demonic guardian rushes to your aid.
                  | [demonic ancestry]
  3270 | D:4      | Reached XP level 5. HP: 34/35 MP: 2/9
  3337 | D:4      | Noticed an ogre
  3341 | D:4      | Killed an ogre
  3341 | D:4      | Reached XP level 6. HP: 41/41 MP: 1/11
  4272 | D:5      | Entered Level 5 of the Dungeon
  4272 | D:5      | Noticed Menkaure
  4276 | D:5      | Killed Menkaure
  4290 | D:5      | Learned a level 5 spell: Fireball
  4457 | D:5      | Gained mutation: Your movements are slightly less
                  | encumbered by armour. (ER -2) [demonic ancestry]
  4457 | D:5      | Reached XP level 7. HP: 46/46 MP: 8/13
  4727 | D:5      | Noticed Sigmund
  4728 | D:5      | Reached skill level 5 in Fire Magic
  4736 | D:5      | Killed Sigmund
  4736 | D:5      | Reached skill level 1 in Shields
  5386 | D:6      | Reached skill level 5 in Spellcasting
  5386 | D:6      | Reached skill level 5 in Conjurations
  5628 | D:6      | Reached XP level 8. HP: 49/52 MP: 9/15
  5794 | D:6      | Found Owedef's General Store.
  5797 | D:6      | Bought a scroll of blinking for 97 gold pieces
  5797 | D:6      | Bought a scroll of identify for 26 gold pieces
  5797 | D:6      | Bought a scroll of amnesia for 45 gold pieces
  6087 | D:7      | Found a staircase to the Ecumenical Temple.
  6110 | Temple   | Entered the Ecumenical Temple
  6281 | Temple   | Became a worshipper of Sif Muna the Loreminder
  7140 | D:8      | Got a slimy cloak
  7150 | D:8      | Identified the +1 cloak of Vehumet's Esteem {rC+ Dex+2}
                  | (You found it on level 8 of the Dungeon)
  7545 | D:8      | Reached * piety under Sif Muna
  7735 | D:8      | Noticed a two-headed ogre
  7741 | D:8      | Killed a two-headed ogre
  7741 | D:8      | Gained mutation: Your movements are less encumbered by
                  | armour. (ER -4) [demonic ancestry]
  7741 | D:8      | Reached XP level 9. HP: 57/57 MP: 10/18
  7826 | D:8      | Noticed a brown ugly thing
  7826 | D:8      | Noticed a troll
  7839 | D:8      | Killed a brown ugly thing
  7845 | D:8      | Killed a troll
  8059 | D:8      | Got a warped spear
  8059 | D:8      | Got a transparent buckler
  8431 | D:8      | Noticed Joseph
  8443 | D:8      | Killed Joseph
  9360 | D:9      | Found a staircase to the Lair.
  9616 | D:9      | Identified the +5 spear "Ogrebane" {venom, Str+2 Int+2
                  | Dex+3 Stlth+} (You found it on level 8 of the Dungeon)
  9627 | D:9      | Identified the +4 buckler of the Monkey's Uncle {rF+} (You
                  | found it on level 8 of the Dungeon)
 10034 | D:10     | Entered Level 10 of the Dungeon
 10064 | D:10     | Reached XP level 10. HP: 63/63 MP: 21/21
 10469 | D:10     | Reached ** piety under Sif Muna
 10814 | D:11     | Noticed a white ugly thing
 10822 | D:11     | Noticed a harpy
 10823 | D:11     | HP: 2/63 [white ugly thing (9)]
 10829 | D:10     | Killed a white ugly thing
 11204 | D:11     | Noticed a purple ugly thing
 11223 | D:11     | Killed a purple ugly thing
 11284 | D:11     | Noticed a salamander
 11284 | D:11     | a komodo dragon changed into a salamander
 11289 | D:11     | Killed a salamander
 11525 | D:11     | Reached skill level 1 in Invocations
 11726 | D:11     | Noticed an orc knight
 11731 | D:11     | Killed an orc knight
 11731 | D:11     | Reached skill level 1 in Fighting
 11731 | D:11     | Reached skill level 1 in Evocations
 11750 | D:11     | Reached *** piety under Sif Muna
 11758 | D:11     | Found a roughly hewn altar of Beogh.
 11758 | D:11     | Found a staircase to the Orcish Mines.
 12173 | D:11     | Cast into level 2 of the Abyss (unwielding a weapon of
                  | distortion)
 12209 | Abyss:2  | Noticed a worldbinder
 12215 | Abyss:2  | Killed a worldbinder
 12215 | Abyss:2  | Reached XP level 11. HP: 66/70 MP: 5/23
 12233 | Abyss:3  | Noticed a wretched star
 12237 | Abyss:3  | Noticed a rakshasa
 12241 | Abyss:3  | Noticed a wretched star
 12248 | Abyss:3  | Noticed a black draconian
 12251 | Abyss:3  | Noticed a starcursed mass
 12313 | Abyss:3  | Noticed an ancient lich
 12329 | Abyss:3  | Splashed by an ancient lich's acid

Illustrated notes

Levels and vault maps discovered:
D:1:      dpeg_arrival_tiny_h, layout_rooms, roderic_st_hans_cross,
          minmay_pentomino_u4
D:2:      layout_loops_corners, minitemple, first_ration
D:3:      layout_loops_ring
D:4:      layout_basic, minmay_misc_feat_enclosed
D:5:      layout_rooms, uniq_menkaure, uniq_sigmund
D:6:      layout_loops_cross, serial_shops, kennysheep_mini,
          hangedman_glass_teeth
D:7:      layout_loops_ring, minmay_temple_entry_sparse_star
D:8:      layout_basic, minmay_the_grid_2x2 [minmay_the_grid_large_cup,
          minmay_the_grid_expand, minmay_the_grid_diamond_grid,
          minmay_the_grid_prize_shrinking_boxes], uniq_joseph
D:9:      layout_basic, dpeg_oklobed_lair
D:10:     layout_basic
D:11:     layout_basic, david_orc_5
Temple:   regret_index_temple_chain_breaker
Abyss:3:  base: Temple, evilmike_nicolae_abyss_rune_containment_curve,
          evilmike_abyss_exit_3, evilmike_abyss_rune_siren_acolytes,
          evilmike_abyss_rune_siren_acolytes

Skill      XL: |  1  2  3  4  5  6  7  8  9 10 11 |
---------------+----------------------------------+-----
Fire Magic     | 3 4 5 6 7 9 |  9.0
Conjurations   | 2 3 4 5 6 7 9 |  9.3
Spellcasting   | 3 4 5 6 7 8 |  8.8
Shields        | 2 4 |  4.0
Invocations    | 2 3 |  3.0
Dodging        | 2 |  2.3
Fighting       | 1 |  1.3
Evocations     | 1 |  1.4
Stealth        | |  1.7

Action                   |  1- 3 |  4- 6 |  7- 9 | 10-12 || total
-------------------------+-------+-------+-------+-------++-------
Melee: Unarmed           |     1 |       |       |       ||     1
       Whip              |    12 |       |       |       ||    12
       Long sword        |     4 |    25 |     4 |       ||    33
       Headbutt          |     3 |     4 |     6 |     7 ||    20
       Hunting sling     |       |       |    17 |       ||    17
       Spear             |       |       |     3 |    61 ||    64
       Mace              |       |       |       |     1 ||     1
 Fire: Hunting sling     |       |       |    12 |       ||    12
Throw: Stone             |     1 |       |       |       ||     1
 Cast: Foxfire           |    74 |   112 |   191 |    95 ||   472
       Sticky Flame      |       |       |    28 |    20 ||    48
       Fireball          |       |       |       |    19 ||    19
       Conjure Flame     |       |       |       |     2 ||     2
Invok: Channel Magic     |       |       |       |     1 ||     1
  Use: Scroll            |     3 |       |    11 |     4 ||    18
 Stab: Distracted        |       |       |       |     1 ||     1
  Eat: Chunk             |     3 |     8 |    17 |    10 ||    38
       Ration            |       |       |     1 |     1 ||     2
Armor: Robe              |     4 |       |       |    11 ||    15
       Leather armour    |     6 |     6 |    18 |       ||    30
Dodge: Dodged            |    24 |    14 |    28 |    44 ||   110
Block: Buckler           |       |       |    35 |    34 ||    69
       Rpst.: Long sword |     5 |     5 |     3 |       ||    13
